 Dungeon Crawl Stone Soup version 0.30.1-9-gdf580d7c3d (webtiles) character file.

Game seed: 2665560255028021987

63 leafyfresh the Chiller (level 3, -1/26 HPs)
             Began as a Demigod Ice Elementalist on Oct 13, 2023.
             Succumbed to Crazy Yiuf's poison
             ... on level 2 of the Dungeon.
             The game lasted 00:05:42 (2284 turns).

leafyfresh the Chiller (Demigod Ice Elementalist)   Turns: 2284, Time: 00:05:42

Health: -1/26      AC: 10    Str:  7 (9)  XL:     3   Next: 61%
Magic:  3/9        EV: 12    Int: 20 (21) God:
Gold:   108        SH:  0    Dex: 12 (14) Spells: 0/7 levels left

rFire   . . .        d - +0 dagger
rCold   . . .        (no shield)
rNeg    + . .        a - +0 robe
rPois   .            h - +0 helmet
rElec   .            f - +0 cloak
rCorr   .            (no gloves)
SInv    .            (no boots)
Will    .....        (no amulet)
Stlth   ++           m - ring of positive energy
HPRegen 0.24/turn    (no ring)
MPRegen 0.11/turn

%: no passive effects
@: lethally poisoned (-1 -> -27), ice-armoured, freezing walls, hasted, very
quick
A: high MP 1, forlorn, divine attributes
a: no special abilities


You were on level 2 of the Dungeon.
You visited 1 branch of the dungeon, and saw 2 of its levels.

You collected 108 gold pieces.

Inventory:

Hand Weapons
 d - a +0 dagger (weapon)
Missiles
 o - a throwing net
Armour
 a - a +0 robe (worn)
 f - a +0 cloak (worn)
 h - a +0 helmet (worn)
Jewellery
 m - a ring of positive energy (left hand)
Scrolls
 c - a scroll of identify
 e - 2 scrolls of enchant armour
 i - a scroll of enchant weapon
 l - 2 scrolls of fear
 p - a scroll of noise {unknown}
Potions
 b - a potion of magic
 g - a potion of degeneration
 j - a potion of heal wounds {unknown}
 k - a potion of brilliance {unknown}
 n - a potion of mutation {unknown}


   Skills:
 - Level 1.7 Dodging
 - Level 1.7 Stealth
 + Level 2.8 Spellcasting
 + Level 4.3 Ice Magic


You couldn't memorise any spells.
You knew the following spells:

 Your Spells              Type           Power      Damage    Failure   Level
a - Freeze                Ice            80%        1d9       2%          1
b - Frozen Ramparts       Ice            40%        1d7       7%          3
c - Ozocubu's Armour      Ice            20%        N/A       7%          3

Your spell library contained the following spells:

 Spells                   Type           Power      Damage    Failure   Level
 Summon Ice Beast         Ice/Summ       11%        N/A       52%         4


Dungeon Overview and Level Annotations

Branches:
Dungeon (2/15)

Annotations:
D:2 Crazy Yiuf


Innate Abilities, Weirdness & Mutations

You have an increased reservoir of magic. (+10% MP)
You shall have no god before yourself.
Your divine heritage dramatically boosts your attributes as you level up.


Message History

You start memorising the spell.
You continue memorising.
Crazy Yiuf shouts!
You continue memorising. x2
You finish memorising.
Spell assigned to 'c'.
Casting: Freeze (safe; 2% risk of failure)
Confirm with . or Enter, or press ? or * to list all spells.
Okay, then.
Casting: Freeze (safe; 2% risk of failure)
Confirm with . or Enter, or press ? or * to list all spells.
The spell is quite dangerous to miscast (7% risk of failure)!
Continue anyway?
A film of ice covers your body! As you open the door, it creaks loudly!
Casting: Ozocubu's Armour (quite dangerous; 7% risk of failure)
Confirm with . or Enter, or press ? or * to list all spells.
The spell is quite dangerous to miscast (7% risk of failure)!
Continue anyway?
Casting: Frozen Ramparts (quite dangerous; 7% risk of failure)
Press: ? - help, Dir - look around, f - activate The walls around you are covered in ice.
The wall freezes Crazy Yiuf but does no damage.
Crazy Yiuf hits you with a +2 quarterstaff of chaos!
You are poisoned.
Unknown command.
Unknown command.
You barely miss Crazy Yiuf.
You feel very sick.
The wall freezes Crazy Yiuf but does no damage.
Crazy Yiuf whimpers, "Castle!
Candle sizzlefizz green."
Crazy Yiuf hits you with a +2 quarterstaff of chaos.
You feel yourself speed up.
You closely miss Crazy Yiuf.
You feel sick.
The wall freezes Crazy Yiuf but does no damage.
Crazy Yiuf yells, "Mugger dark meccalolo!"
Crazy Yiuf hits you with a +2 quarterstaff of chaos.
* * * LOW HITPOINT WARNING * * *
You are more poisoned.
Unknown command.
It was a potion of degeneration.
There was something very wrong with that liquid.
You feel weakened.
You feel dopey.
You feel clumsy.
You die...

#.##......
#.##..[...
#.#.......
#####
#.#.######
#)..#
#.#.#
#...#
#.#.# ...
#.#.# #g#
#.#.# ♣@♣♣
#.#.# ♣♣.♣
#.#.# ♣.♣♣
#.#.# ♣♣.♣
#)#.#
♣♣.♣♣
###.#.#
♣♣.P.♣
#...#.#
♣PP.P♣
#####.#
##..## #.#
#....###
#.#


You could see Crazy Yiuf.

Vanquished Creatures
  2 adders (D:2)
  A worm (D:2)
  2 dart slugs (D:1)
  5 ball pythons
  A bat (D:1)
  2 endoplasms (D:1)
  3 goblins
  A hobgoblin (D:2)
  3 jackals (D:1)
  6 kobolds
  3 quokkas
  4 frilled lizards
  2 rats (D:2)
35 creatures vanquished.

Notes
Turn   | Place    | Note
-------+----------+-------------------------------------------
     0 | D:1      | leafyfresh the Demigod Ice Elementalist began the quest for
                  | the Orb.
     0 | D:1      | Reached XP level 1. HP: 14/14 MP: 5/5
   292 | D:1      | Reached XP level 2. HP: 20/20 MP: 5/7
   506 | D:1      | Reached skill level 4 in Ice Magic
  1383 | D:2      | Reached XP level 3. HP: 25/26 MP: 9/9
  1777 | D:2      | Found a runed translucent door.
  1778 | D:2      | Noticed Crazy Yiuf
  2275 | D:2      | Learned a level 3 spell: Frozen Ramparts
  2279 | D:2      | Learned a level 3 spell: Ozocubu's Armour
  2284 | D:2      | Succumbed to Crazy Yiuf's poison

Illustrated notes

Levels and vault maps discovered:
D:1:      dpeg_arrival_round_c, layout_basic, minmay_misc_feat_rows,
          minmay_tripent
D:2:      layout_basic, basic_altar, uniq_crazy_yiuf_cottage

Skill      XL: |  1  2 |
---------------+-------+-----
Spellcasting   | 2 |  2.8
Ice Magic      | 4 |  4.3
Dodging        | |  1.7
Stealth        | |  1.7

Action                     || total
---------------------------++-------
  Melee: Dagger            ||   113
         Unarmed           ||     1
         Punch             ||     1
   Cast: Freeze            ||    35
         Ozocubu's Armour  ||     1
         Frozen Ramparts   ||     1
    Use: Scroll            ||     3
         Potion            ||     1
   Stab: Sleeping          ||     6
 Armour: Robe              ||    29
  Dodge: Dodged            ||    83
